[Event "*** Titled Tuesday 3|2 Blitz (Early)"]
[Site "Chess.com"]
[Date "2016.11.01"]
[Round "9"]
[White "SavelijTartakover"]
[Black "Blitzstream"]
[Result "1/2-1/2"]
[WhiteElo "2491"]
[BlackElo "2533"]
[TimeControl "180+2"]
[EndTime "13:01:52 PDT"]
[Termination "Game drawn - insufficient material"]

1. d4 Nf6 2. c4 d6 3. Nf3 Bg4 4. Nc3 Nbd7 5. g3 e5 6. Bg2 c6 7. O-O Be7 8. h3 Bh5 9. Nh4 O-O 10. Nf5 Re8 11. Nxe7+ Qxe7 12. g4 Bg6 13. e3 exd4 14.
Qxd4 Nc5 15. Rd1 Rad8 16. b3 Ne6 17. Qd2 h5 18. f3 hxg4 19. hxg4 Ng5 20. e4 Ne6 21.
Ba3 c5 22. Ne2 Bxe4 23. fxe4 Nxg4 24. Bb2 Qh4 25. Qc3 Qf2+ 26. Kh1 Qh4+ 27. Kg1 Qf2+ 28.
Kh1 Qh4+ 29. Bh3 Nd4 30. Nxd4 Nf2+ 31. Kg2 Nxe4 32. Qf3 cxd4 33. Rxd4 Qg5+ 34. Qg4 Qe5 35. Re1 d5 36. Rdxe4 Qxb2+ 37. R1e2 Rxe4 38. Qxe4 dxe4 39. Rxb2 g6 40. Bg4 f5 41. Be2 Kg7 42. c5 Kf6 43.
Rc2 f4 44. c6 f3+ 45. Bxf3 exf3+ 46. Kxf3 bxc6 47. Rxc6+ Kf5 48. Rc7 Ra8 49. Rc5+ Kf6 50. Ra5 a6 51. Kf4 Ra7 52. b4 Kf7 53. b5 Rb7 54.
bxa6 Ra7 55. Ke5 Ke7 56. Kd5 Kd7 57. Kc5 Kc7 58. Kb5 Kb8 59. Ra3 Rg7 60. Re3 g5 61. Re6 Ka7 62. Re3 g4 63. Rg3 Rg5+ 64. Kc4 Kxa6 65.
Kd4 Ka5 66. Ke4 Ka4 67. Kf4 Rg8 68. Rxg4 Rxg4+ 69. Kxg4 Ka3 70. Kf4 Kxa2 1/2-1/2

[Event "*** Titled Tuesday 3|2 Blitz (Early)"]
[Site "Chess.com"]
[Date "2016.11.01"]
[Round "9"]
[White "Morshynska"]
[Black "chito89"]
[Result "0-1"]
[WhiteElo "2147"]
[BlackElo "2484"]
[TimeControl "180+2"]
[EndTime "13:02:10 PDT"]
[Termination "chito89 won by checkmate"]

1. Nf3 d5 2. g3 Bg4 3. Bg2 c6 4. h3 Bh5 5. d3 Nd7 6. O-O Ngf6 7. b3 e5 8. Bb2 Bd6 9. Nc3 O-O 10. e4 d4 11. Ne2 Bxf3 12. Bxf3 c5 13. Bg2 b5 14. a4 a6 15. f4 Qb6 16. Kh2 Rac8 17. f5 c4 18. axb5 axb5 19. g4 cxb3 20. cxb3 h6 21.
Ng3 Rc7 22. h4 Rfc8 23. g5 Rc2 24. gxf6 Rxb2 25. fxg7 Rcc2 26. Rg1 Bb8 27. Nh5 Qd8 28. Qg4 Rxb3 29. Ra8 Rxd3 30. f6 Rdd2 31. Kh1 b4 32. Ng3 Nxf6 33. Qf3 Rc3 34. Rxb8 Qxb8 35. Qxf6 Rxg3 36. Qxh6 Rxg7 37. Bh3 Rxg1+ 38. Kxg1 Rd1+ 39. Kh2 Qc7 40. Qg5+ Kf8 41. Qh6+ Ke8 42. Qh8+ Ke7 43. Bf5 Qc2+ 44. Kh3 Rd3+ 45. Kg4 Qe2+ 46. Kg5 Qe3+ 47. Kh5 Qf3+ 48. Kh6 Qf4+ 49. Kh5 Rc3 50. Qb8 Rc6 51. Qxb4+ Kf6 52. Qb5 Qf3+ 53. Kh6 Qe3+ 54. Kh5 Qf3+ 55.
Kh6 Qe3+ 56. Kh5 Qc3 57. Qb8 Kg7 58. Qd8 Qf3+ 59. Kg5 Qf4+ 60. Kh5 Rh6# 0-1

[Event "*** Titled Tuesday 3|2 Blitz (Early)"]
[Site "Chess.com"]
[Date "2016.11.01"]
[Round "9"]
[White "Rating-Schmating"]
[Black "PowerThinking2650"]
[Result "0-1"]
[WhiteElo "2237"]
[BlackElo "2185"]
[TimeControl "180+2"]
[EndTime "13:02:18 PDT"]
[Termination "PowerThinking2650 won by resignation"]

1. e4 e6 2. d4 d5 3. Nd2 Nf6 4. Bd3 dxe4 5. Nxe4 Nxe4 6. Bxe4 c5 7. Nf3 cxd4 8. Qxd4 Qxd4 9. Nxd4 Bc5 10. Nb3 Bb6 11. Bf4 Nd7 12. Bg3 a5 13. O-O-O a4 14. Nd2 Nc5 15.
Bf3 a3 16. bxa3 O-O 17. Nc4 Ba7 18. Bd6 Re8 19. Rhe1 f6 20. Na5 Bb6 21. Nb3 Na4 22. Bg3 Nc3 23. Rd3 Nb5 24. c4 Nxa3 25. c5 Bd8 26. Red1 Be7 27. Bd6 Kf7 28. Nd4 Nc4 29.
Nb5 Rxa2 30. Rc3 Na5 31. Bc7 Nc6 32. Bxc6 bxc6 33. Nd6+ Bxd6 34. cxd6 Bd7 35. Rc2 Rea8 36. Rd3 Rxc2+ 37. Kxc2 Ra2+ 38. Kb1 Rxf2 39. Rb3 e5 40. Rb8 Rxg2 41. Rd8 Ke6 42. Rg8 e4 43. Kc1 e3 44.
Kd1 Kd5 45. Bb6 Bg4+ 46. Kc1 Rg1+ 47. Kc2 e2 48. Ba5 e1=Q 49. Bxe1 Rxe1 50. Rxg7 Be6 51.
Kd2 Rh1 52. d7 Bxd7 53. Rxd7+ Ke5 54. Rxh7 f5 55. Ke3 Re1+ 56. Kf3 Rc1 57. h4 Rc3+ 58. Kf2 Kf4 59. Ke2 Rc2+ 60. Kd3 Rh2 61. h5 Kf3 62. h6 f4 63. Rh8 Kf2 64. h7 f3 65. Kd2 c5 66. Kd3 Rh4 67. Kd2 Rd4+ 68. Kc3 Rd7 69. Kc2 Rc7 70. Kc3 c4 71. Kc2 c3 72. Kc1 c2 73.
Rg8 Rxh7 74. Kxc2 Rd7 75. Rg7 Rxg7 0-1

[Event "*** Titled Tuesday 3|2 Blitz (Early)"]
[Site "Chess.com"]
[Date "2016.11.01"]
[Round "9"]
[White "Fandorine"]
[Black "GianmarcoVaR"]
[Result "1-0"]
[WhiteElo "2641"]
[BlackElo "2426"]
[TimeControl "180+2"]
[EndTime "13:02:57 PDT"]
[Termination "Fandorine won by resignation"]

1. e4 c6 2. d4 d5 3. Nc3 dxe4 4.
Nxe4 Bf5 5. Ng3 Bg6 6. Nh3 e6 7. Nf4 Bd6 8. c3 Nf6 9. Bc4 O-O 10. O-O Nbd7 11. Re1 Qc7 12. Qf3 e5 13. Nxg6 hxg6 14.
Bb3 exd4 15. cxd4 Qa5 16. Bf4 Bxf4 17. Qxf4 Nd5 18. Qg5 N7f6 19. h4 Rfe8 20. Re5 Qb4 21. Rd1 Nh7 22. Qc1 Nhf6 23. Rde1 Qxd4 24. Rxe8+ Rxe8 25. Rxe8+ Nxe8 26. h5 gxh5 27. Nxh5 Qe5 28. Ng3 Nef6 29. Qc5 a6 30. Bxd5 Nxd5 31. Qa7 Qxb2 32.
Qb8+ Kh7 33. Qe8 Qc1+ 34. Kh2 Qh6+ 35. Kg1 Qc1+ 36. Kh2 Qf4 37. Kg1 a5 38. Ne2 Qf6 39. Ng3 Qa1+ 40. Kh2 Qf6 41. Kg1 Qe6 42. Qd8 Nf6 43.
Qxa5 b5 44. a3 Ng4 45. Qd2 Qe5 46. Nf1 g6 47. Qd7 Qf4 48. Qa7 Kg7 49. f3 Ne5 50. Ne3 Qg3 51. Kf1 Nd3 52. Qd4+ Ne5 53. f4 f6 54.
fxe5 fxe5 55. Qd7+ Kh6 56. Ke2 Kg5 57. Qxc6 Kf4 58.
Qf6+ Ke4 59. Qc6+ Kf4 60. Qc3 Qh2 61. Qb4+ Kg5 62. Qg4+ Kh6 63. Qf3 Qh4 64. Qh3 Kh5 65. Qxh4+ Kxh4 66. Kf3 g5 67. g4 Kh3 68. Ke4 Kg3 69.
Kxe5 Kf2 70. Nd5 Kg3 71. Kf5 b4 72. axb4 Kh4 73. b5 1-0

[Event "*** Titled Tuesday 3|2 Blitz (Early)"]
[Site "Chess.com"]
[Date "2016.11.01"]
[Round "9"]
[White "amaidel"]
[Black "NTBT_DHS"]
[Result "1/2-1/2"]
[WhiteElo "2493"]
[BlackElo "2496"]
[TimeControl "180+2"]
[EndTime "13:03:29 PDT"]
[Termination "Game drawn by repetition"]

1. e4 g6 2. d4 Bg7 3. Nc3 a6 4.
Nf3 d6 5. Be2 b5 6. a3 Nd7 7.
O-O Bb7 8. Bf4 Ngf6 9. Qd3 O-O 10. h3 Re8 11. Rfe1 e5 12. dxe5 dxe5 13. Be3 c5 14.
Rad1 c4 15. Qd2 Qc7 16. Bh6 Bh8 17. Ng5 Nc5 18. Qe3 Ne6 19. Nxe6 Rxe6 20. Bg4 Nxg4 21. hxg4 f6 22. g5 f5 23. Nd5 Qf7 24. exf5 gxf5 25. c3 Bxd5 26. Rxd5 Rxh6 27. gxh6 Qxd5 28. Qg5+ Kf8 29.
Qxf5+ Qf7 30. Qe4 Re8 31. Re3 Bf6 32. Rf3 Kg8 33. Qc6 Rf8 34. Qxa6 e4 35. Rf5 Qg6 36. Qxb5 Kh8 37. Qd5 Qxh6 38. Qxe4 Rd8 39. Qc2 Rd3 40.
a4 Qg6 41. Rc5 Qg4 42. f3 Qf4 43. Qe2 Re3 44. Qd2 Kg7 45. Rxc4 Qxc4 46. Qxe3 Qxa4 47. Qd2 Qb5 48. Qf2 h5 49. g4 h4 50. f4 Qd3 51.
g5 Qd1+ 52. Kh2 Be7 53. Qxh4 Qf3 54. Qh6+ Kf7 55. g6+ Ke8 56. Qh8+ Kd7 57. Qd4+ Bd6 58. g7 Qg4 59. b4 Kc7 60. Qc4+ Kb6 61. g8=Q Bxf4+ 62. Qxf4 Qxf4+ 63. Qg3 Qd2+ 64. Kg1 Qd1+ 65. Kg2 Qd5+ 66. Qf3 Qg5+ 67. Kf1 Qc1+ 68. Ke2 Qc2+ 69. Ke1 Qc1+ 70. Kf2 Qd2+ 71. Kg3 Qg5+ 72. Kh2 Qd2+ 73.
Kh3 Qh6+ 74. Kg4 Qg6+ 75. Kf4 Qf6+ 76. Ke4 Qc6+ 77. Kf4 Qf6+ 78. Kg3 Qg5+ 79. Kf2 Qd2+ 80. Kf1 Qc1+ 81. Kg2 Qg5+ 82. Qg3 Qd5+ 83. Kh2 Qh5+ 84.
Kg1 Qd1+ 85. Kg2 Qd5+ 86. Qf3 Qg5+ 87. Kf2 Qd2+ 88. Kf1 Qc1+ 89. Kg2 Qg5+ 1/2-1/2

[Event "*** Titled Tuesday 3|2 Blitz (Early)"]
[Site "Chess.com"]
[Date "2016.11.01"]
[Round "9"]
[White "petrpalachev"]
[Black "Ginger_GM"]
[Result "0-1"]
[WhiteElo "2431"]
[BlackElo "2443"]
[TimeControl "180+2"]
[EndTime "13:03:29 PDT"]
[Termination "Ginger_GM won by checkmate"]

1. d4 e6 2. Nf3 f5 3. g3 Nf6 4. Bg2 Be7 5. O-O O-O 6. c4 d6 7.
Nc3 a5 8. Rb1 Ne4 9. Qc2 Nxc3 10.
Qxc3 Bf6 11. Rd1 Qe7 12. b3 e5 13. e3 g5 14. Bb2 Nc6 15. a3 g4 16. dxe5 dxe5 17. Ne1 e4 18. Qc1 Bxb2 19. Rxb2 Ne5 20. Qc3 Qf6 21. Rc2 Be6 22. h4 a4 23. Bf1 axb3 24. Qxb3 b6 25. Be2 Nf3+ 26. Bxf3 gxf3 27. Qc3 Qxc3 28. Rxc3 Ra5 29. Nc2 Rc5 30. Nd4 Kf7 31.
Nxe6 Kxe6 32. Rd5 Rc6 33. Kf1 Ra8 34. Rb5 Ra4 35. Rb4 Rd6 36. Ke1 Ra5 37. Rb5 Ra8 38. c5 bxc5 39. Rbxc5 Rad8 40. Rc1 Rd2 41. Rc6+ Ke5 42.
R6c5+ Ke6 43. Rc6+ Ke5 44. R6c5+ R8d5 45. Rxd5+ Rxd5 46. Rxc7 Rd3 47. Rc5+ Ke6 48. Rc1 Rxa3 49. Rd1 Ra2 50. Kf1 Kf6 51. Rd6+ Ke5 52. Rd1 Ke6 53. Ke1 Kf6 54. Rd6+ Ke5 55. Rd1 Re2+ 56. Kf1 Ke6 57. Kg1 Rc2 58. Kf1 Rc5 59. Ke1 Rc2 60. Kf1 Kf7 61.
Ke1 Kg6 62. Kf1 Kh5 63. Kg1 Kg4 64. Re1 Re2 65. Ra1 Kh3 66. Rf1 h5 67. Rd1 f4 68.
gxf4 Kxh4 69. Rf1 Kg4 70. Kh2 Kh4 71. Kg1 Rd2 72. Rb1 Kh3 73. Rc1 h4 74. Rb1 Rd7 75.
Kh1 Rg7 76. Rf1 Rg2 77. Rg1 Rxf2 78. Re1 Rg2 79. Rf1 Kg4 80. Rg1 h3 81. Rf1 f2 82. Rd1 Kg3 83. f5 Rh2# 0-1

[Event "*** Titled Tuesday 3|2 Blitz (Early)"]
[Site "Chess.com"]
[Date "2016.11.01"]
[Round "9"]
[White "YuriyKrykun"]
[Black "FlySooHigh"]
[Result "1-0"]
[WhiteElo "2315"]
[BlackElo "2386"]
[TimeControl "180+2"]
[EndTime "13:03:53 PDT"]
[Termination "YuriyKrykun won by resignation"]

1. e4 d5 2. exd5 Nf6 3. c4 e6 4. d4 exd5 5. Nc3 Be7 6. Nf3 O-O 7. cxd5 Nxd5 8. Bd3 Bg4 9. O-O Nc6 10. Be4 Nf6 11. Bxc6 bxc6 12. Qd3 Bd6 13. Bg5 h6 14. Bh4 Bh5 15. Bg3 c5 16. dxc5 Bxc5 17. Qxd8 Rfxd8 18. Bxc7 Rd7 19. Bf4 Bxf3 20. gxf3 Rd3 21. Kg2 Rad8 22.
Rad1 Kf8 23. Rxd3 Rxd3 24. Rd1 Rxd1 25. Nxd1 a6 26. Be3 Bd6 27. Bd4 Nd7 28. Nc3 g6 29. b3 h5 30. Ne4 Be7 31. a4 f5 32. Nc3 Kf7 33. Nd5 Bd8 34. Nb4 a5 35. Nc6 Bc7 36.
Bc3 Nc5 37. Bxa5 Bf4 38. Bb4 Nxb3 39. a5 Nxa5 40. Bxa5 g5 41. Nb4 Bd2 42. Nc6 Bf4 43.
Nd4 Kg6 44. Ne2 Bd6 45. Bd2 Kf6 46. Bc3+ Kg6 47. Bd4 h4 48. h3 Kh5 49. Be3 g4 50.
f4 Kg6 51. Nd4 Kf6 52. Nb5 Bb4 53. Nc7 Bd6 54. Nd5+ Ke6 55. Nc3 Bb4 56. Ne2 Bd6 57. Nd4+ Kf6 58. f3 g3 59. Ne2 Kg6 60. Bd4 Bb4 61. Be5 Be1 62. Nd4 Bf2 63. Ne6 Be1 64. Nf8+ Kf7 65. Nd7 Kg6 66. Nc5 Bf2 67. Nd3 Be3 68. Ne1 Bf2 69. Kf1 Be3 70. Ng2 Bf2 71. Ke2 Kh5 72. Bf6 Kg6 73. Bxh4 Kh5 74. Bf6 Kg6 75. Bd8 Kh5 76. Kd3 Kg6 77. Kc4 Kh5 78.
Kd5 Kg6 79. Ke6 Ba7 80. Bc7 Bf2 81. Be5 Bc5 82. Bc3 Bf2 83. Be1 Kh5 84. Kxf5 Bxe1 85. Nxe1 Kh4 86. Ke4 Kxh3 87. f5 Kh2 88. f6 Kg1 89. f7 Kf2 90. f8=Q Kxe1 91. Qg7 Kf2 92. f4 g2 93. f5 g1=Q 94. Qd4+ Kf1 95. Qxg1+ Kxg1 96. f6 1-0

[Event "*** Titled Tuesday 3|2 Blitz (Early)"]
[Site "Chess.com"]
[Date "2016.11.01"]
[Round "9"]
[White "fastestmindalive"]
[Black "LawrenceTrent"]
[Result "1-0"]
[WhiteElo "2527"]
[BlackElo "2503"]
[TimeControl "180+2"]
[EndTime "13:04:04 PDT"]
[Termination "fastestmindalive won by resignation"]

1. e4 c6 2. Nc3 d5 3. Nf3 Bg4 4. h3 Bxf3 5. Qxf3 e6 6. d3 Nd7 7. Be2 Ngf6 8. O-O Bd6 9. Qe3 O-O 10. d4 dxe4 11. Nxe4 Nxe4 12. Qxe4 Nf6 13. Qd3 e5 14. dxe5 Bxe5 15. Qb3 Qb6 16. Be3 Qxb3 17. axb3 a6 18. c3 Nd5 19. Bc5 Rfe8 20. Bf3 Nf4 21. Rfd1 Rad8 22. Bb6 Rd3 23. Kf1 g6 24. b4 Re7 25. Rxd3 Nxd3 26. Rd1 Nxb2 27. Rd8+ Kg7 28. Bc5 Re6 29. Bf8+ Kf6 30. Bg4 Bxc3 31. Bxe6 Kxe6 32.
Rd6+ Kf5 33. Rd7 b5 34. Rxf7+ Ke6 35. Ra7 Nd3 36. Rxa6 Kd5 37. Ra3 Kc4 38. Ra6 Kd5 39. Ke2 Bxb4 40. Bh6 Ne5 41. Ra7 c5 42. Rxh7 c4 43.
Bf4 Nd3 44. Be3 Ne5 45. h4 Bc3 46. h5 b4 47. h6 b3 48. Rb7 Kc6 49. Rb6+ Kd5 50. h7 Ng4 51. Bd2 Bd4 52. Rxg6 b2 53.
Rxg4 Bh8 54. Rg5+ Kc6 55. Rg6+ Kb7 56. Rg4 b1=Q 57. Rxc4 Qb5 58. Kd3 Qf5+ 59. Re4 Qxh7 60. f3 Kc6 61. Ke2 Kd5 62. Be3 Qg6 63. Rg4 Qc2+ 64.
Kf1 Qd1+ 65. Kf2 Qc2+ 66. Kg3 Be5+ 67. Kh3 Qh7+ 68. Rh4 Qf5+ 69. Rg4 Kc6 70. Bf2 Kd7 71. Bh4 Ke8 72. Bg5 Kf7 73. Bh4 Qb1 74. Rg5 Qh1+ 75. Kg4 Qxg2+ 76. Kf5 Bf6 77. Rxg2 Bxh4 78. Rc2 Be7 79.
Rc7 Ke8 80. Ke6 1-0

[Event "*** Titled Tuesday 3|2 Blitz (Early)"]
[Site "Chess.com"]
[Date "2016.11.01"]
[Round "9"]
[White "fireheart92"]
[Black "BillieKimbah"]
[Result "1/2-1/2"]
[WhiteElo "2583"]
[BlackElo "2631"]
[TimeControl "180+2"]
[EndTime "13:05:46 PDT"]
[Termination "Game drawn by repetition"]

1. e4 e5 2. Nf3 Nc6 3. Bc4 Bc5 4.
O-O Nf6 5. d3 O-O 6. h3 d6 7. c3 a6 8. a4 Ne7 9. Re1 Ng6 10.
Nbd2 h6 11. Ba2 Ba7 12. Nf1 c6 13. Ng3 d5 14. exd5 Nxd5 15. d4 exd4 16. Nxd4 Re8 17. Rxe8+ Qxe8 18. Bxd5 cxd5 19. Be3 Bb8 20. Qd2 Bd7 21.
Re1 Qd8 22. Ndf5 Bxg3 23. Nxg3 Bxa4 24. Nf5 Qf6 25. Qxd5 Bc6 26. Qc5 Re8 27. Nd4 Nf4 28. Nxc6 Nd3 29. Ne7+ Rxe7 30. Qc8+ Kh7 31. Re2 Nf4 32.
Rd2 Ng6 33. Rd8 Qh4 34. Kh2 Qe4 35. Qc5 Re5 36. Qd6 Re6 37. Qc7 Rf6 38. Rb8 b5 39. Qd8 Ne5 40. Qh8+ Kg6 41. Qc8 Nc4 42.
Bd4 Qf4+ 43. g3 Qf3 44. Qg4+ Qxg4 45. hxg4 Re6 46. b4 Nd2 47. Kg2 Nb3 48. Be3 f5 49.
Kf3 fxg4+ 50. Kxg4 Na1 51. Rb6 Rxb6 52. Bxb6 Nc2 53.
Kf4 Kf7 54. Ke5 h5 55. Kf5 Na3 56. Bd4 Nc4 57. f3 g6+ 58. Kf4 Nd2 59. Be3 Nc4 60.
Bd4 Ke6 61. Kg5 Kf7 62. g4 hxg4 63. Kxg4 Nd2 64. Be3 Nc4 65. Bd4 Nd6 66. Kg5 Nf5 67. Bc5 Ng7 68. Be3 Ne6+ 69. Kg4 Kf6 70. Bd4+ Kf7 71.
Be5 Nf8 72. Kf4 Ke6 73. Ke4 Nd7 74. Bd4 Nb8 75. Be3 Nc6 76. Bg5 Ne5 77. Bf4 Nc6 78. Bg3 Ne7 79. Bf4 Nf5 80. Bh2 Nh4 81.
Bg1 Nf5 82. Bf2 Kd6 83. Be1 Ke6 84. Bf2 Kd6 85. Bd4 Ke6 86. Bc5 Ng3+ 87. Kd3 Nf5 88. c4 Nh4 89. cxb5 axb5 90. Ke4 Nf5 91. Bf2 Kd6 92. Bc5+ Ke6 93. Kf4 Kf6 94. Kg4 Ke6 95. Kg5 Kf7 96. Bf2 Ng7 97. Kf4 Ke6 98. Ke4 Nf5 99. Be1 Kd6 100. Bd2 Ke6 101. Bf4 Nh4 102. Bg3 Nf5 103. Be1 Kd6 104. Bd2 Ke6 105. Bg5 Kd6 106. Bc1 Ke6 107. Bd2 Kd6 108. Bf4+ Ke6 109. Bh2 Nh4 110. Bg3 Nf5 111. Bf4 Nh4 112. Bg3 Nf5 113. Be5 Nh4 114.
f4 Nf5 115. Bb8 Ne7 116. Ba7 Nc6 117. Bc5 Nb8 118. Bd4 Nc6 119. Bc5 Nb8 120. Bd4 Nc6 121. Bc5 Nb8 122. Bd4 Nc6 123. Bc5 Nb8 1/2-1/2